 Dungeon Crawl Stone Soup version 0.27.1-35-g4d5d836560 (webtiles) character file.

Game seed: 397088745729786415

1388 Delamore the Covert (level 8, 0/50 HPs)
             Began as an Octopode Brigand on Apr 8, 2022.
             Was an Initiate of Gozag.
             Engulfed by a steam dragon's steam (12 damage)
             ... on level 6 of the Dungeon.
             The game lasted 00:06:54 (6179 turns).

Delamore the Covert (Octopode Brigand)              Turns: 6179, Time: 00:06:55

Health: 0/50       AC:  3    Str: 10    XL:     8   Next: 67%
Magic:  8/8        EV: 13    Int: 13    God:    Gozag
Gold:   399        SH:  0    Dex: 22    Spells: 7/7 levels left

rFire    . . .     SeeInvis .   r - +2 dagger (freeze)
rCold    . . .     Faith    .   (no shield)
rNeg     . . .     Spirit   .   k - +2 hat
rPois    .         Reflect  .   (no amulet)
rElec    .         Harm     .   t - +6 ring of dexterity
rCorr    .         Rampage  .   (no ring)
Will     .....                  (no ring)
Stlth    ++++++....             (no ring)
HPRegen  0.16/turn              (no ring)
MPRegen  0.11/turn              (no ring)
                                (no ring)
                                (no ring)

@: brilliant
A: almost no armour, amphibious, 8 rings, camouflage 1, gelatinous body 1,
(nimble swimmer 1), tentacles
a: Renounce Religion, Potion Petition, Call Merchant, Bribe Branch


You were on level 6 of the Dungeon.
You worshipped Gozag.
Gozag was aware of your devotion.
You visited 2 branches of the dungeon, and saw 8 of its levels.

You collected 449 gold pieces.
You paid 50 gold pieces to Gozag.

Inventory:

Hand Weapons
 a - a +2 dagger
 d - a +1 short sword of flaming
 g - a +1 short sword of speed
 r - a +2 dagger of freezing (weapon)
Missiles
 b - 21 poisoned darts (quivered)
 c - a curare-tipped dart
Armour
 k - a +2 hat (worn)
Jewellery
 t - a +6 ring of dexterity (left tentacle)
Wands
 q - a wand of charming (5)
Scrolls
 e - 4 scrolls of enchant armour
 f - 5 scrolls of teleportation
 l - a scroll of immolation
 m - a scroll of blinking {unknown}
 u - a scroll of vulnerability {unknown}
Potions
 h - a potion of ambrosia
 j - a potion of heal wounds {unknown}
 n - 2 potions of brilliance
 o - 2 potions of berserk rage {unknown}
 p - 2 potions of cancellation {unknown}
 s - a potion of lignification {unknown}


   Skills:
 - Level 2.0 Fighting
 + Level 8.8 Short Blades
 - Level 2.0 Throwing
 - Level 1.0 Dodging
 - Level 10.0 Stealth


You had 7 spell levels left.
You didn't know any spells.
Your spell library contained the following spells:

 Spells                   Type           Power      Damage    Failure   Level
 Beastly Appendage        Tmut           0%         N/A       30%         1
 Wereblood                Tmut           0%         N/A       43%         2
 Gell's Gravitas          Tloc           0%         N/A       67%         3
 Lesser Beckoning         Tloc           0%         N/A       67%         3
 Spider Form              Tmut/Pois      0%         N/A       67%         3
 Teleport Other           Tloc           0%         N/A       67%         3
 Dispersal                Tloc           0%         N/A       100%        6
 Disjunction              Tloc           0%         N/A       100%        8


Dungeon Overview and Level Annotations

Branches:
Dungeon (7/15)             Temple (1/1) D:4

Altars:
Cheibriados
Elyvilon
Fedhas
Gozag
Kikubaaqudgha
Makhleb
Nemelex Xobeh
Okawaru
Qazlal
Ru
Trog
Uskayaw
Vehumet
Wu Jian
Xom
Yredelemnul
Zin

Annotations:
D:5 1 runed translucent door, Ijustatesigmund's ghost, amateur GrFi


Innate Abilities, Weirdness & Mutations

You cannot wear most types of armour.
You are amphibious.
You can wear up to eight rings at the same time.
Your skin changes colour to match your surroundings (Stealth+).
Your rubbery body absorbs attacks. (AC +1, EV +1)
((You are camouflaged near water. (Stealth+)))
You have tentacles for arms and can constrict up to eight enemies at once.


Message History

The kobold brigand hits you with a +1 short sword of speed.
You hit the kobold brigand. You freeze the kobold brigand.
The kobold brigand is severely wounded.
You constrict the kobold brigand, but do no damage.
You hit the kobold brigand. You freeze the kobold brigand.
The kobold brigand is almost dead.
You constrict the kobold brigand. The kobold brigand barely misses you.
You hit the kobold brigand but do no damage.
The kobold brigand is almost dead.
You constrict the kobold brigand.
You kill the kobold brigand!
No target in view!
No target in view!
No target in view!
No target in view!
No target in view!
You now have 399 gold pieces (gained 6).
b - 21 poisoned darts (gained 1)
Things that are here:
a +1 short sword of speed; a +0 hand crossbow; 23 bolts
g - a +1 short sword of speed You start resting.
A steam dragon comes into view.
The steam dragon bites you but does no damage.
The steam dragon claws you.
You hit the steam dragon but do no damage.
The steam dragon bites you! The steam dragon barely misses you.
You are too injured to fight recklessly!
You hit the steam dragon. You freeze the steam dragon.
The steam dragon is lightly wounded.
You hit the steam dragon but do no damage.
The steam dragon is lightly wounded.
The steam dragon breathes steam at you. The ball of steam hits you!
* * * LOW HITPOINT WARNING * * *
It was a potion of brilliance.
You feel clever all of a sudden.
You are engulfed in a cloud of scalding steam.
You die...
Your body crumbles into a pile of gold.

. #.....#.)......
#. ..
##........##.##
#.. #.#
##.....#####.#
...##.# .###...##
#.#
......##.........#
#.# ..
........#......#
#.# #..
##..##.#...#..#
#.# ...##
#....D.....##..#
#..
....##...@<..####
### #..#..§...##
#...§....# $
#§§......#
#§)§.##### #.§§.#
#.§..# #.....#
........


You could see a steam dragon.

Vanquished Creatures
  A water moccasin (D:7)
  A black bear (D:5)
  2 necrophages
  An ogre (D:6)
  2 kobold brigands
  A bullfrog (D:5)
  A scorpion (D:5)
  A wyvern zombie (D:6)
  2 centaur zombies (D:6)
  A hound (D:4)
  3 orc priests
  A bullfrog skeleton (D:5)
  A gnoll shaman (D:5)
  2 iguanas
  Terence (D:3)
  2 orc wizards (D:5)
  A hound zombie (D:5)
  A hound skeleton (D:4)
  5 gnolls
  7 adders
  An ufetubus (D:5)
  2 adder skeletons (D:5)
  2 worms (D:2)
  5 dart slugs
  12 orcs
  9 endoplasms
  6 giant cockroaches
  6 goblins
  11 hobgoblins
  7 jackals
  3 quokkas
  9 ball pythons
  4 bats
  5 frilled lizards
  9 kobolds
  3 rats
131 creatures vanquished.

Vanquished Creatures (collateral kills)
  2 kobolds (D:7)
2 creatures vanquished.

Vanquished Creatures (others)
  An ice beast (D:7)
  A wyvern skeleton (D:7)
  7 plants (D:6)
9 creatures vanquished.

Grand Total: 142 creatures vanquished

Notes
Turn   | Place    | Note
-------+----------+-------------------------------------------
     0 | D:1      | Delamore the Octopode Brigand began the quest for the Orb.
     0 | D:1      | Reached XP level 1. HP: 14/14 MP: 1/1
   278 | D:1      | Reached XP level 2. HP: 19/19 MP: 2/2
   391 | D:1      | Reached skill level 6 in Stealth
   401 | D:1      | Reached XP level 3. HP: 19/24 MP: 3/3
  1040 | D:2      | Reached XP level 4. HP: 29/29 MP: 4/4
  1595 | D:2      | Found a faded altar of an unknown god.
  1757 | D:2      | Found a snail-covered altar of Cheibriados.
  1769 | D:2      | Reached skill level 7 in Stealth
  1941 | D:3      | Reached XP level 5. HP: 28/34 MP: 5/5
  2064 | D:3      | Found a burning altar of Makhleb.
  2094 | D:3      | Found a snail-covered altar of Cheibriados.
  2288 | D:3      | Noticed Terence
  2305 | D:3      | Killed Terence
  2592 | D:3      | Found a white marble altar of Elyvilon.
  2593 | D:3      | Found a shimmering altar of Xom.
  2599 | D:3      | Found a sparkling altar of Nemelex Xobeh.
  2599 | D:3      | Found a sacrificial altar of Ru.
  2601 | D:3      | Found a stormy altar of Qazlal.
  3032 | D:4      | Reached XP level 6. HP: 39/39 MP: 6/6
  3052 | D:4      | Reached skill level 8 in Stealth
  3057 | D:4      | Found an ornate altar of the Wu Jian Council.
  3476 | D:4      | Found a staircase to the Ecumenical Temple.
  3541 | Temple   | Entered the Ecumenical Temple
  3650 | Temple   | Became a worshipper of Gozag Ym Sagoz the Greedy
  3866 | D:5      | Entered Level 5 of the Dungeon
  3885 | D:5      | HP: 1/39 [scorpion (10)]
  4127 | D:5      | Noticed a necrophage
  4131 | D:5      | Killed a necrophage
  4132 | D:5      | Reached skill level 5 in Short Blades
  4132 | D:5      | Reached XP level 7. HP: 45/45 MP: 7/7
  4151 | D:5      | Reached skill level 9 in Stealth
  4511 | D:5      | Found a runed translucent door.
  4523 | D:5      | Noticed Ijustatesigmund's ghost (amateur GrFi)
  4677 | D:5      | Reached skill level 10 in Stealth
  5035 | D:6      | Found a radiant altar of Vehumet.
  5086 | D:6      | Reached XP level 8. HP: 50/50 MP: 8/8
  5136 | D:6      | Noticed a skeletal warrior
  5137 | D:6      | Noticed a skeletal warrior
  5139 | D:6      | Noticed a skeletal warrior
  5141 | D:6      | Noticed a skeletal warrior
  5141 | D:6      | Noticed a skeletal warrior
  6179 | D:6      | Engulfed by a steam dragon's steam

Illustrated notes

Levels and vault maps discovered:
D:1:      sevenhm_arrival_forest_fort_large_4, layout_rooms,
          serial_bayou_pond_b, nrook_mini_backslash
D:2:      layout_loops_cross, hellmonk_ecumenical_altar_dog_temple, basic_altar
D:3:      layout_rooms, minitemple, cheibriados_altar_1, minmay_crystal_water,
          minmay_distorted, uniq_terence
D:4:      layout_loops_ring, overflow_temple_1_default,
          minmay_temple_entry_antechambers, chequers_serial_rivers_micro_c,
          minmay_misc_feat_more_columns
D:5:      layout_loops_ring, ebering_ghost_reflecting_pool, minmay_small_thing
D:6:      kennysheep_housing_project, layout_rooms, vehumet_crystals
D:7:      layout_basic
Temple:   nicolae_temple_figure_zero

Skill      XL: |  1  2  3  4  5  6  7  8 |
---------------+-------------------------+-----
Stealth        | 6 7 8 10 | 10.0
Short Blades   | 3 4 5 6 8 |  8.8
Fighting       | |  2.0
Throwing       | |  2.0
Dodging        | |  1.0

Action                   |  1- 3 |  4- 6 |  7- 9 || total
-------------------------+-------+-------+-------++-------
Melee: Dagger            |     6 |       |    80 ||    86
       Constrict         |    11 |    18 |    18 ||    47
       Short sword       |    52 |   106 |    39 ||   197
       Tentacles         |     8 |    16 |    26 ||    50
Throw: Dart              |       |     7 |     7 ||    14
Evoke: Wand              |       |       |     5 ||     5
  Use: Scroll            |       |     2 |     4 ||     6
       Potion            |       |     2 |     1 ||     3
 Stab: Sleeping          |    10 |    23 |     9 ||    42
       Distracted        |       |     1 |     2 ||     3
Armor: Skin              |     2 |     5 |    18 ||    25
Dodge: Dodged            |    20 |    41 |    76 ||   137
